 Dungeon Crawl Stone Soup version 0.28-a0-925-gd5e1996cdb (webtiles) character file.

Game seed: 18157052320100525496

39 jasper the Chopper (level 3, 0/29 HPs)
             Began as a Formicid Berserker on Nov 27, 2021.
             Was a Believer of Trog.
             Slain by an orc (5 damage)
             ... on level 3 of the Dungeon.
             The game lasted 00:02:26 (1318 turns).

jasper the Chopper (Formicid Berserker)             Turns: 1318, Time: 00:02:27

Health: 0/29       AC:  2    Str: 22    XL:     3   Next: 70%
Magic:  3/3        EV: 12    Int:  6    God:    Trog [**....]
Gold:   34         SH:  0    Dex: 10    Spells: 2/2 levels left

rFire   . . .      SeeInvis +   h - +0 morningstar
rCold   . . .      Faith    .   (no shield)
rNeg    . . .      Spirit   .   b - +0 animal skin
rPois   .          Reflect  .   (helmet unavailable)
rElec   .          Harm     .   (no cloak)
rCorr   .          Rampage  .   (no gloves)
Will    .....                   (no boots)
Stlth   +.........              (no amulet)
HPRegen 0.09/turn               (no ring)
MPRegen 0.08/turn               (no ring)

@: no status effects
A: permanent stasis, dig shafts and tunnels, antennae 3, four strong arms
a: Dig, Shaft Self, Renounce Religion, Trog's Hand


You were on level 3 of the Dungeon.
You worshipped Trog.
Trog was pleased with you.
You visited 1 branch of the dungeon, and saw 3 of its levels.

You collected 34 gold pieces.

Inventory:

Hand Weapons
 a - a +0 hand axe
 h - a +0 morningstar (weapon)
Missiles
 c - 14 stones (quivered)
 e - 13 sling bullets
Armour
 b - a +0 animal skin (worn)
Scrolls
 d - a scroll of enchant weapon {unknown}
 f - a scroll of teleportation {unknown}
Potions
 g - 2 potions of brilliance {unknown}


   Skills:
 - Level 3.2 Fighting
 + Level 4.4 Axes
 - Level 2.1 Armour
 - Level 1.7 Dodging


You had 2 spell levels left.
You didn't know any spells.
Your spell library was empty.

Dungeon Overview and Level Annotations

Branches:
Dungeon (2/15)

Altars:


Innate Abilities, Weirdness & Mutations

You cannot be hasted, slowed, berserked, paralysed or teleported.
You can dig through walls and to a lower floor.
You have a pair of large antennae on your head. (SInv)
Your four strong arms can wield two-handed weapons with a shield.


Message History

The adder poisons you!
You take 3 damage, and have 26/29 hp.
You sock the adder!
You kill the adder!
Trog accepts your kill.
You can now call upon Trog for regeneration and willpower.
You feel sick.
You take 2 damage, and have 24/29 hp.
You feel sick. The orc misses you.
You see here an adder corpse.
You hit the orc but do no damage.
You feel sick. The orc hits you with a +0 flail.
You take 5 damage, and have 19/29 hp.
You closely miss the orc.
You feel sick.
You are no longer poisoned.
The orc hits you with a +0 flail. x2
You take 7 damage, and have 12/29 hp.
MASSIVE DAMAGE!!
You barely miss the orc. The orc hits you with a +0 flail.
You take 2 damage, and have 10/29 hp.
You hit the orc but do no damage. The orc barely misses you.
You hit the orc.
The orc is heavily wounded.
The orc closely misses you. The orc misses you.
You closely miss the orc.
The orc is heavily wounded.
The orc hits you but does no damage.
You hit the orc but do no damage.
The orc is heavily wounded.
The orc hits you with a +0 flail.
* * * LOW HITPOINT WARNING * * *
The orc suddenly jeers.
The orc barely misses you.
You take 6 damage, and have 4/29 hp.
MASSIVE DAMAGE!!
You completely miss the orc.
The orc is heavily wounded.
The orc closely misses you.
You barely miss the orc.
The orc is heavily wounded.
The orc hits you with a +0 flail.
You die...

. .. (.? .... ###
##.....
##.########.......
#..††@o....(#
##.########(......
#)# #.##... #.#
... . ##.#### ##.
.#######.....# #
...........#.#
.#######.....#
##.#)##


You could see an orc.

Vanquished Creatures
  An adder (D:3)
  A worm (D:3)
  An orc (D:3)
  3 ball pythons
  3 giant cockroaches (D:1)
  3 goblins (D:1)
  2 hobgoblins
  A quokka (D:1)
  4 bats
  2 frilled lizards
  4 kobolds
  3 rats (D:1)
28 creatures vanquished.

Notes
Turn   | Place    | Note
-------+----------+-------------------------------------------
     0 | D:1      | jasper the Formicid Berserker began the quest for the Orb.
     0 | D:1      | Reached XP level 1. HP: 18/18 MP: 1/1
   273 | D:1      | Found a faded altar of an unknown god.
   382 | D:1      | Reached XP level 2. HP: 24/24 MP: 2/2
   954 | D:1      | Reached skill level 4 in Axes
   954 | D:1      | Reached XP level 3. HP: 22/29 MP: 3/3
  1120 | D:2      | You fall into a shaft and drop 1 floor!
  1308 | D:3      | Reached ** piety under Trog
  1318 | D:3      | Slain by an orc

Illustrated notes

Levels and vault maps discovered:
D:1:      dpeg_arrival_tiny_d, layout_loops_corners, basic_ecumenical_altar,
          minivault_25
D:2:      layout_basic, serial_shops, shop
D:3:      layout_loops_ring, chequers_serial_rivers_micro_e, uniq_robin

Skill      XL: |  1  2 |
---------------+-------+-----
Axes           | 4 |  4.4
Fighting       | |  3.2
Armour         | |  2.1
Dodging        | |  1.7

Action                   || total
-------------------------++-------
Melee: Hand axe          ||    68
       Morningstar       ||    10
Throw: Stone             ||    35
 Abil: Dig               ||     2
       Shaft Self        ||     1
Armor: Animal skin       ||    23
Dodge: Dodged            ||    61

Table legend: (Time is in decaauts)
 A = Elapsed time spent in this place.
 B = Non-inter-level travel time spent in this place.
 C = Inter-level travel time spent in this place.
 D = Time resting spent in this place.
 E = Time spent auto-exploring this place.
 F = Levels seen in this place.
 G = Mean time per level.
                   A        B        C        D        E       F      G
               +--------+--------+--------+--------+--------+-----+--------+
         Total |   1340 |   1338 |      2 |    352 |    616 |   3 |  446.7 |
       Dungeon |   1340 |   1338 |      2 |    352 |    616 |   3 |  446.7 |
               +--------+--------+--------+--------+--------+-----+--------+

Top non-repeatable levels by time:
     D:1: 1028 daAuts
     D:3: 203 daAuts
     D:2: 108 daAuts
